 Dungeon Crawl Stone Soup version 0.28-a0-1406-ga8dd43b1d0 (webtiles) character file.

Game seed: 2777829027907529159

1198 Froggeryz the Basher (level 8, -3/73 HPs)
             Began as a Tengu Gladiator on Jan 6, 2022.
             Slain by a killer bee (4 damage)
             ... on level 5 of the Dungeon.
             The game lasted 00:07:11 (6447 turns).

Froggeryz the Basher (Tengu Gladiator)              Turns: 6447, Time: 00:07:11

Health: -3/73      AC: 24    Str: 17    XL:     8   Next: 44%
Magic:  9/9        EV:  2    Int:  8    God:
Gold:   129        SH:  0    Dex: 16    Spells: 7/7 levels left

rFire   + . .      SeeInvis .   o - +0 dagger (venom)
rCold   + + .      Faith    .   (no shield)
rNeg    . . .      Spirit   .   (armour currently unavailable)
rPois   +          Reflect  .   (helmet currently unavailable)
rElec   +          Harm     .   (cloak currently unavailable)
rCorr   +          Rampage  .   (gloves currently unavailable)
Will    .....      NoTele   +   (boots unavailable)
Stlth   +.........              (no amulet)
HPRegen 0.22/turn               a - +1 ring of slaying
MPRegen 0.11/turn               u - ring of protection from cold

@: brilliant, lethally poisoned (-3 -> -4), tree-form, resistant, attractive
A: stationary, stasis, torment immunity, boosted hp, (beak), (talons 3), nimble
flight
a: no special abilities


You were on level 5 of the Dungeon.
You were a tree.
You visited 1 branch of the dungeon, and saw 6 of its levels.

You collected 195 gold pieces.
You spent 66 gold pieces at shops.

Inventory:

Hand Weapons
 o - a +0 dagger of venom (weapon)
 q - a +1 mace of holy wrath
 w - a +3 mace
Missiles
 d - 3 throwing nets (quivered)
Armour
 b - a +0 leather armour (melded)
 c - a +0 hat (melded)
 v - a +0 cloak (melded)
Jewellery
 a - a +1 ring of slaying (left branch)
 n - a ring of positive energy
 u - a ring of protection from cold (right branch)
 z - an amulet of the acrobat
Wands
 y - a wand of flame (26)
 A - a wand of digging (5)
Scrolls
 e - 5 scrolls of teleportation {unknown}
 g - 2 scrolls of fog {unknown}
 h - 2 scrolls of summoning
 r - a scroll of holy word {unknown}
 s - 5 scrolls of identify {unknown}
 t - a scroll of immolation {unknown}
 x - a scroll of acquirement {unknown}
Potions
 m - 7 potions of attraction
 p - a potion of heal wounds {unknown}


   Skills:
 - Level 5.3 Fighting
 * Level 9.4 Maces & Flails
 - Level 2.0 Throwing
 + Level 2.3 Armour
 - Level 3.3 Dodging


You had 7 spell levels left.
You didn't know any spells.
Your spell library contained the following spells:

 Spells                   Type           Power      Damage    Failure   Level
 Summon Ice Beast         Ice/Summ       0%         N/A       99%         4
 Summon Mana Viper        Hex/Summ       0%         N/A       100%        5
 Monstrous Menagerie      Summ           0%         N/A       100%        7


Dungeon Overview and Level Annotations

Branches:
Dungeon (6/15)
 Temple: D:4-7

Altars:

Shops:
D:3 =


Innate Abilities, Weirdness & Mutations

You are a tree.
Your roots penetrate the ground, keeping you stationary.
You cannot be teleported.
You are immune to unholy pain and torment.
Your maximum health is greatly increased.
Your equipment is partially melded.
((You have a beak for a mouth.))
((You have claws for feet.))
Your magical nature lets you fly swiftly and evasively.


Message History

Your roots penetrate the ground.
You feel sick.
The killer bee stings you but does no damage. x8
Okay, then.
As you read the scroll labelled QABYDDYENT, it crumbles to dust.
It is a scroll of enchant armour.
Really abort (and waste the scroll)?
Okay, then.
You feel sick.
The killer bee stings you but does no damage.
The killer bee stings you.
* * * LOW HITPOINT WARNING * * *
The killer bee stings you but does no damage. x4
The killer bee stings you.
* * * LOW HITPOINT WARNING * * *
The killer bee stings you but does no damage.
It was a potion of attraction.
You feel attractive to monsters.
You feel sick. The killer bee barely misses you.
The killer bee stings you but does no damage. x2
The killer bee barely misses you.
The killer bee stings you but does no damage.
The killer bee stings you.
* * * LOW HITPOINT WARNING * * *
The killer bee stings you but does no damage. x2
It was a potion of magic.
Magic courses through your body.
You feel sick. The killer bee stings you.
* * * LOW HITPOINT WARNING * * *
The killer bee stings you but does no damage. x7
It was a potion of resistance.
You feel protected.
* * * LOW HITPOINT WARNING * * *
You feel sick.
The killer bee stings you but does no damage. x8
It was a potion of brilliance.
You feel clever all of a sudden.
* * * LOW HITPOINT WARNING * * *
You feel sick. The killer bee stings you.
* * * LOW HITPOINT WARNING * * *
The killer bee stings you.
You die...

#..........##.####
##..#.#######...# #..#.# ###.#
#..#.# #.# ###..#.## #.#
#.......# #.# #.......## ####.#
#.(......####.##.# #####
#.y♣y........#.#.##
#...########.y.y....####.....##
#..........#...................
#...######.#.......#####.....##
##.## #.......#########.##.##
#.# #.###.####...........# #.#
#.# #.....>######.#### #.#
#.###.####.# #.#
####.#####.....# #.# #.#


You could see 4 killer bees.

Vanquished Creatures
  A yak (D:5)
  2 ogres
  A necrophage (D:4)
  A sky beast (D:5)
  A phantom (D:5)
  A wyvern zombie (D:5)
  3 scorpions
  A bullfrog skeleton (D:5)
  2 orc priests
  Crazy Yiuf (D:4)
  3 orc wizards
  A mummy (D:4)
  A howler monkey skeleton (D:5)
  4 adders
  2 ufetubi (D:5)
  3 adder skeletons
  2 worms
  3 dart slugs
  12 orcs
  6 endoplasms
  3 giant cockroaches
  6 goblins
  6 hobgoblins
  4 jackals (D:4)
  4 quokkas
  6 ball pythons
  6 bats
  2 frilled lizards (D:2)
  6 kobolds
  3 rats
97 creatures vanquished.

Vanquished Creatures (collateral kills)
  A howler monkey (D:4)
1 creature vanquished.

Grand Total: 98 creatures vanquished

Notes
Turn   | Place    | Note
-------+----------+-------------------------------------------
     0 | D:1      | Froggeryz the Tengu Gladiator began the quest for the Orb.
     0 | D:1      | Reached XP level 1. HP: 12/12 MP: 2/2
   265 | D:1      | Reached XP level 2. HP: 17/17 MP: 3/3
   331 | D:1      | Reached skill level 1 in Armour
   511 | D:1      | Reached skill level 4 in Maces & Flails
   819 | D:1      | Reached XP level 3. HP: 21/21 MP: 4/4
  2240 | D:2      | Reached XP level 4. HP: 25/27 MP: 5/5
  2822 | D:3      | Reached skill level 5 in Maces & Flails
  3491 | D:3      | Found Tust's One-of-a-Kind Rings.
  3503 | D:3      | Bought a +1 ring of slaying for 66 gold pieces
  3699 | D:4      | Noticed a scorpion
  4178 | D:4      | Gained mutation: Your magical nature lets you fly swiftly
                  | and evasively. [Tengu growth]
  4178 | D:4      | Reached XP level 5. HP: 31/32 MP: 6/6
  4219 | D:4      | Noticed a necrophage
  4228 | D:4      | Killed a necrophage
  4229 | D:4      | Reached skill level 6 in Maces & Flails
  4229 | D:4      | Reached XP level 6. HP: 19/37 MP: 7/7
  4317 | D:4      | Found a sand-covered staircase.
  4880 | D:4      | Found a runed translucent door.
  4881 | D:4      | Noticed Crazy Yiuf
  4886 | D:4      | Killed Crazy Yiuf
  5122 | D:4      | Reached skill level 7 in Maces & Flails
  5131 | D:5      | Entered Level 5 of the Dungeon
  5131 | D:5      | Noticed a sky beast
  5141 | D:5      | Killed a sky beast
  5142 | D:5      | Reached XP level 7. HP: 34/43 MP: 8/8
  5365 | D:5      | Reached skill level 8 in Maces & Flails
  5618 | D:5      | Reached skill level 5 in Fighting
  5652 | D:5      | Reached XP level 8. HP: 22/49 MP: 9/9
  6367 | D:6      | Reached skill level 9 in Maces & Flails
  6376 | D:6      | Noticed a yak
  6377 | D:6      | Noticed a yak
  6377 | D:6      | Noticed a yak
  6377 | D:6      | Noticed a yak
  6377 | D:6      | Noticed a yak
  6378 | D:6      | Noticed a yak
  6410 | D:5      | Killed a yak
  6446 | D:5      | HP: 3/73 [poisoned by a killer bee]
  6447 | D:5      | HP: 1/73 [killer bee (1)]
  6447 | D:5      | Slain by a killer bee

Illustrated notes

Levels and vault maps discovered:
D:1:      eino_arrival_water_star, layout_basic,
          nicolae_concentric_dashed_squares_wild
D:2:      layout_loops_corners
D:3:      layout_loops_ring, nicolae_shop_unique_rings
D:4:      layout_rooms, gup_ossuary_entry_pyramid, uniq_crazy_yiuf_cottage
D:5:      layout_loops_ring
D:6:      layout_rooms, uniq_pikel

Skill      XL: |  1  2  3  4  5  6  7  8 |
---------------+-------------------------+-----
Armour         | 1 2 |  2.3
Maces & Flails | 4 5 6 7 8 9 |  9.4
Fighting       | 3 4 5 |  5.3
Throwing       | |  2.0
Dodging        | |  3.3

Action                   |  1- 3 |  4- 6 |  7- 9 || total
-------------------------+-------+-------+-------++-------
Melee: Flail             |    73 |    27 |       ||   100
       Kick              |     7 |    26 |    23 ||    56
       Peck              |     7 |    20 |    12 ||    39
       Punch             |     1 |       |       ||     1
       Dagger            |       |    55 |    50 ||   105
       Mace              |       |    21 |    13 ||    34
  Use: Potion            |     2 |     1 |     5 ||     8
       Scroll            |       |     2 |     1 ||     3
 Stab: Sleeping          |     1 |       |       ||     1
Armor: Leather armour    |    25 |    19 |    11 ||    55
       Skin              |     3 |       |    34 ||    37
Dodge: Dodged            |    45 |    51 |    50 ||   146

Table legend: (Time is in decaauts)
 A = Elapsed time spent in this place.
 B = Non-inter-level travel time spent in this place.
 C = Inter-level travel time spent in this place.
 D = Time resting spent in this place.
 E = Time spent auto-exploring this place.
 F = Levels seen in this place.
 G = Mean time per level.
                   A        B        C        D        E       F      G
               +--------+--------+--------+--------+--------+-----+--------+
         Total |   6357 |   6109 |    248 |   1313 |   3850 |   6 | 1059.5 |
       Dungeon |   6357 |   6109 |    248 |   1313 |   3850 |   6 | 1059.5 |
               +--------+--------+--------+--------+--------+-----+--------+

Top non-repeatable levels by time:
     D:1: 1485 daAuts
     D:3: 1403 daAuts
     D:2: 1340 daAuts
     D:4: 1088 daAuts
     D:5: 1009 daAuts
     D:6: 30 daAuts
